TOP OF THE 1ST |
Pulaski Yankees batting - Pitching for Elizabethton Twins : RHP Jason Stout
|
Pitching: RHP Jason Stout
|
|
Batting: RHB Jonathan Iniguez
|
0-0: Ball 1-0: Ball 2-0: Ball 3-0: Called Strike 3-1: Called Strike 3-2: Fly out, F3 (Line Drive, 34, EV 67.5 MPH)
|
Batting: RHB Gonçalo Burhil
|
0-0: Ball 1-0: Ball 2-0: Ball 3-0: Base on Balls
|
Batting: SHB Corey Penson
|
0-0: Called Strike 0-1: Foul Ball, location: 2F 0-2: Ball 1-2: Foul Ball, location: 2F 1-2: Ball 2-2: Grounds into double play, 4-6-3 (Groundball, 4, EV 101.2 MPH)
|
Top of the 1st over - 0 runs, 0 hits, 0 errors, 0 left on base; Pulaski 0 - Elizabethton 0 |
BOTTOM OF THE 1ST |
Elizabethton Twins batting - Pitching for Pulaski Yankees : LHP Alex Ramirez
|
Pitching: LHP Alex Ramirez
|
|
Batting: RHB Caleb Bockmann
|
0-0: Swinging Strike 0-1: Ball 1-1: Ground out 4-3 (Groundball, 4S, EV 81.9 MPH)
|
Batting: RHB Nate Matson
|
0-0: Ball 1-0: Foul Ball, location: 2F 1-1: Ball 2-1: Ball 3-1: Base on Balls
|
Batting: RHB Kevin Harris
|
0-0: Ball 1-0: Ball 2-0: 2-RUN HOME RUN (Flyball, 78XD, EV 103.1 MPH), Distance : 411 ft
|
Batting: RHB Steve Terrell
|
0-0: Swinging Strike 0-1: Foul Ball, location: 2F 0-2: Ball 1-2: Ground out 4-3 (Groundball, 4M, EV 101.2 MPH)
|
Batting: LHB Marshall Daul
|
0-0: SINGLE (Groundball, 15S, EV 68.8 MPH) (infield hit)
|
Batting: RHB David McClellan
|
0-0: Ground out 4-3 (Groundball, 4, EV 78.8 MPH)
|
Bottom of the 1st over - 2 runs, 2 hits, 0 errors, 1 left on base; Pulaski 0 - Elizabethton 2 |
TOP OF THE 2ND |
Pulaski Yankees batting - Pitching for Elizabethton Twins : RHP Jason Stout
|
Batting: LHB Steve LeGrand
|
0-0: Swinging Strike 0-1: Swinging Strike 0-2: Strikes out swinging
|
Batting: LHB Jared Zulkowski
|
0-0: Called Strike 0-1: Swinging Strike 0-2: Foul Ball, location: 2F 0-2: Foul Ball, location: 2F 0-2: Ball 1-2: Strikes out swinging
|
Batting: LHB Sergio Huerta
|
0-0: Ball 1-0: DOUBLE (Line Drive, 89D, EV 114.4 MPH)
|
Batting: LHB Matt Cusatis
|
0-0: Foul Ball, location: 2F 0-1: Ball 1-1: Foul Ball, location: 2F 1-2: Foul Ball, location: 2F 1-2: Foul Ball, location: 2F 1-2: Foul Ball, location: 2F 1-2: Foul Ball, location: 2F 1-2: Ball 2-2: Ball 3-2: Strikes out swinging
|
Top of the 2nd over - 0 runs, 1 hit, 0 errors, 1 left on base; Pulaski 0 - Elizabethton 2 |
BOTTOM OF THE 2ND |
Elizabethton Twins batting - Pitching for Pulaski Yankees : LHP Alex Ramirez
|
Batting: LHB David Ramos
|
0-0: Ball 1-0: Ball 2-0: Ground out 4-3 (Groundball, 4D, EV 100.0 MPH)
|
Batting: RHB David McDonald
|
0-0: Ball 1-0: Ball 2-0: Foul Ball, location: 2F 2-1: Fly out, F8 (Flyball, 8RM, EV 81.2 MPH)
|
Batting: LHB Jon Ventura
|
0-0: Ball 1-0: Called Strike 1-1: Ball 2-1: Swinging Strike 2-2: Fly out, F7 (Flyball, 78M, EV 88.1 MPH)
|
Bottom of the 2nd over - 0 runs, 0 hits, 0 errors, 0 left on base; Pulaski 0 - Elizabethton 2 |
TOP OF THE 3RD |
Pulaski Yankees batting - Pitching for Elizabethton Twins : RHP Jason Stout
|
Batting: RHB Eric Patrick
|
0-0: Ball 1-0: Called Strike 1-1: Swinging Strike 1-2: Strikes out looking
|
Batting: RHB Ben Cunningham
|
0-0: Ground out 5-3 (Groundball, 56S, EV 90.0 MPH)
|
Batting: RHB Jonathan Iniguez
|
0-0: Called Strike 0-1: Foul Ball, location: 2F 0-2: Ball 1-2: Strikes out swinging
|
Top of the 3rd over - 0 runs, 0 hits, 0 errors, 0 left on base; Pulaski 0 - Elizabethton 2 |
BOTTOM OF THE 3RD |
Elizabethton Twins batting - Pitching for Pulaski Yankees : LHP Alex Ramirez
|
Batting: RHB Caleb Bockmann
|
0-0: Called Strike 0-1: Swinging Strike 0-2: Ball 1-2: Ball 2-2: Foul Ball, location: 2F 2-2: Ball 3-2: Foul Ball, location: 2F 3-2: Base on Balls
|
Batting: RHB Nate Matson
|
0-0: Fly out, F9 (Flyball, 9, EV 90.6 MPH)
|
Batting: RHB Kevin Harris
|
0-0: Called Strike Caleb Bockmann is caught stealing 2nd base 2-4 0-1: Swinging Strike 0-2: Foul Ball, location: 2F 0-2: Strikes out swinging
|
Bottom of the 3rd over - 0 runs, 0 hits, 0 errors, 0 left on base; Pulaski 0 - Elizabethton 2 |
TOP OF THE 4TH |
Pulaski Yankees batting - Pitching for Elizabethton Twins : RHP Jason Stout
|
Batting: RHB Gonçalo Burhil
|
0-0: Ball 1-0: Called Strike 1-1: Fly out, F7 (Line Drive, 7S, EV 90.0 MPH)
|
Batting: SHB Corey Penson
|
0-0: Ball 1-0: Ground out U3 (Groundball, 3L, EV 85.0 MPH)
|
Batting: LHB Steve LeGrand
|
0-0: Ball 1-0: Called Strike 1-1: SINGLE (Flyball, 56D, EV 89.4 MPH)
|
Batting: LHB Jared Zulkowski
|
0-0: Ball Steve LeGrand is caught stealing 2nd base 2-6
|
Top of the 4th over - 0 runs, 1 hit, 0 errors, 0 left on base; Pulaski 0 - Elizabethton 2 |
BOTTOM OF THE 4TH |
Elizabethton Twins batting - Pitching for Pulaski Yankees : LHP Alex Ramirez
|
Batting: RHB Steve Terrell
|
0-0: DOUBLE (Line Drive, 78D, EV 108.8 MPH)
|
Batting: LHB Marshall Daul
|
0-0: Called Strike 0-1: Called Strike 0-2: Ball 1-2: Fly out, F7 (Flyball, 8LM, EV 83.1 MPH)
|
Batting: RHB David McClellan
|
0-0: Ball 1-0: Foul Ball, location: 2F 1-1: Ball 2-1: Fly out, F4 (Line Drive, 4M, EV 76.9 MPH)
|
Batting: LHB David Ramos
|
0-0: Called Strike 0-1: Ball 1-1: Ball 2-1: Ball 3-1: Called Strike 3-2: Base on Balls
|
Batting: RHB David McDonald
|
0-0: Ball 1-0: Called Strike 1-1: SINGLE (Groundball, 34D, EV 96.2 MPH) Steve Terrell to third David Ramos to second Runner from 3rd tries for Home, SAFE, throw by RF to home
|
Batting: LHB Jon Ventura
|
0-0: Foul Ball, location: 2F 0-1: Ball 1-1: Called Strike 1-2: Foul Ball, location: 2F 1-2: Ball 2-2: 3-RUN HOME RUN (Flyball, 7D, EV 95.0 MPH), Distance : 375 ft
|
Batting: RHB Caleb Bockmann
|
0-0: Ball 1-0: Called Strike 1-1: Ball 2-1: Foul Ball, location: 2F 2-2: Ball 3-2: Base on Balls
|
Batting: RHB Nate Matson
|
0-0: Ball 1-0: Foul Ball, location: 2F 1-1: Fielders Choice at 2nd, U6 (Groundball, 6M, EV 86.9 MPH)
|
Bottom of the 4th over - 4 runs, 3 hits, 0 errors, 1 left on base; Pulaski 0 - Elizabethton 6 |
TOP OF THE 5TH |
Pulaski Yankees batting - Pitching for Elizabethton Twins : RHP Jason Stout
|
Batting: LHB Jared Zulkowski
|
0-0: Called Strike 0-1: Ball 1-1: Swinging Strike 1-2: Strikes out looking
|
Batting: LHB Sergio Huerta
|
0-0: Foul Ball, location: 2F 0-1: Ground out 2-3 (Groundball, 13S, EV 66.2 MPH)
|
Batting: LHB Matt Cusatis
|
0-0: Ground out 5-3 (Groundball, 56S, EV 70.0 MPH)
|
Top of the 5th over - 0 runs, 0 hits, 0 errors, 0 left on base; Pulaski 0 - Elizabethton 6 |
BOTTOM OF THE 5TH |
Elizabethton Twins batting - Pitching for Pulaski Yankees : LHP Alex Ramirez
|
Batting: RHB Kevin Harris
|
0-0: Ball 1-0: Ball 2-0: Called Strike 2-1: Foul Ball, location: 2F 2-2: DOUBLE (Flyball, 8LXD, EV 109.4 MPH)
|
Pitching: RHP Jon Campbell
|
|
Batting: RHB Steve Terrell
|
0-0: Ground out 3-1 (Groundball, 13, EV 88.8 MPH) Kevin Harris to third
|
Batting: LHB Marshall Daul
|
0-0: Called Strike 0-1: Foul Ball, location: 2F 0-2: Ball 1-2: Foul Ball, location: 2F 1-2: Foul Ball, location: 2F 1-2: Ball 2-2: Foul Ball, location: 2F 2-2: Foul Ball, location: 2F 2-2: Ball 3-2: Base on Balls
|
Batting: RHB David McClellan
|
0-0: Ball 1-0: Called Strike Marshall Daul steals 2nd, throwing error, E2 Kevin Harris scores Marshall Daul to third 1-1: SINGLE (Line Drive, 34D, EV 100.0 MPH) Marshall Daul scores
|
Batting: LHB David Ramos
|
0-0: Called Strike 0-1: Swinging Strike 0-2: Strikes out swinging
|
Batting: RHB David McDonald
|
0-0: Ball David McClellan is caught stealing 2nd base 2-4
|
Bottom of the 5th over - 2 runs, 2 hits, 1 error, 0 left on base; Pulaski 0 - Elizabethton 8 |
TOP OF THE 6TH |
Pulaski Yankees batting - Pitching for Elizabethton Twins : RHP Jason Stout
|
Batting: RHB Eric Patrick
|
0-0: Called Strike 0-1: Ball 1-1: Foul Ball, location: 2F 1-2: Foul Ball, location: 2F 1-2: Ball 2-2: Foul Ball, location: 2F 2-2: Strikes out swinging
|
Batting: RHB Ben Cunningham
|
0-0: Ball 1-0: Called Strike 1-1: Swinging Strike 1-2: Strikes out swinging
|
Batting: RHB Jonathan Iniguez
|
0-0: Ball 1-0: Ball 2-0: Called Strike 2-1: Foul Ball, location: 2F 2-2: Ball 3-2: Strikes out looking
|
Top of the 6th over - 0 runs, 0 hits, 0 errors, 0 left on base; Pulaski 0 - Elizabethton 8 |
BOTTOM OF THE 6TH |
Elizabethton Twins batting - Pitching for Pulaski Yankees : RHP Jon Campbell
|
Batting: RHB David McDonald
|
0-0: Ball 1-0: Ball 2-0: Swinging Strike 2-1: SINGLE (Groundball, 6MD, EV 105.6 MPH)
|
Batting: LHB Jon Ventura
|
0-0: Ball 1-0: Called Strike 1-1: Ball 2-1: Ball 3-1: Base on Balls David McDonald to second
|
Batting: RHB Caleb Bockmann
|
0-0: Reached via error on a dropped throw from P, E6 (Groundball, 34S, EV 71.2 MPH) David McDonald to third Jon Ventura to second
|
Batting: RHB Nate Matson
|
0-0: Ball 1-0: GRAND SLAM HOME RUN (Flyball, 7D, EV 97.5 MPH), Distance : 368 ft
|
Pitching: LHP Jessie Neal
|
|
Batting: RHB Kevin Harris
|
0-0: Called Strike 0-1: Called Strike 0-2: Ball 1-2: Fly out, F7 (Flyball, 7LM, EV 77.5 MPH)
|
Batting: RHB Steve Terrell
|
0-0: TRIPLE (Flyball, 89XD, EV 106.9 MPH)
|
Batting: LHB Marshall Daul
|
0-0: Called Strike 0-1: Ball 1-1: Fly out, F5 (Popup, 5SF, EV 80.0 MPH)
|
Batting: RHB David McClellan
|
0-0: Ball 1-0: Ball 2-0: Ball Wild Pitch! Steve Terrell scores 3-0: Ground out 5-3 (Groundball, 5L, EV 101.9 MPH)
|
Bottom of the 6th over - 5 runs, 3 hits, 1 error, 0 left on base; Pulaski 0 - Elizabethton 13 |
TOP OF THE 7TH |
Pulaski Yankees batting - Pitching for Elizabethton Twins : RHP Jason Stout
|
Pitching: RHP Miguel Montelongo
|
|
Batting: RHB Gonçalo Burhil
|
0-0: Ball 1-0: Ball 2-0: Called Strike 2-1: Ball 3-1: Base on Balls
|
Batting: SHB Corey Penson
|
0-0: Foul Ball, location: 2F 0-1: Ball 1-1: Hit by Pitch Gonçalo Burhil to second
|
Batting: LHB Steve LeGrand
|
0-0: Swinging Strike 0-1: Ball 1-1: Swinging Strike 1-2: Ball 2-2: Fly out, F9 (Flyball, 9LMF, EV 113.8 MPH)
|
Batting: LHB Jared Zulkowski
|
0-0: Called Strike 0-1: Foul Ball, location: 2F 0-2: Strikes out swinging
|
Batting: LHB Sergio Huerta
|
0-0: Ball 1-0: Ball 2-0: Ball 3-0: Base on Balls Gonçalo Burhil to third Corey Penson to second
|
Batting: LHB Matt Cusatis
|
0-0: Ball 1-0: Ball 2-0: Called Strike 2-1: Swinging Strike 2-2: Fielders Choice at 2nd, U6 (Groundball, 6M, EV 93.1 MPH)
|
Top of the 7th over - 0 runs, 0 hits, 0 errors, 3 left on base; Pulaski 0 - Elizabethton 13 |
BOTTOM OF THE 7TH |
Elizabethton Twins batting - Pitching for Pulaski Yankees : LHP Jessie Neal
|
Batting: LHB David Ramos
|
0-0: Called Strike 0-1: Foul Ball, location: 2F 0-2: Ball 1-2: Fly out, F8 (Flyball, 8LM, EV 86.2 MPH)
|
Batting: RHB David McDonald
|
0-0: Ball 1-0: Ground out 5-3 (Groundball, 56, EV 86.9 MPH)
|
Batting: LHB Jon Ventura
|
0-0: Ball 1-0: Called Strike 1-1: Ball 2-1: Ball 3-1: Base on Balls
|
Pinch Hitting: RHB Tim Carter
|
0-0: SINGLE (Flyball, 3D, EV 84.4 MPH) Jon Ventura to second Runner from 2nd tries for 3rd, SAFE, throw by RF made to third
|
Batting: RHB Nate Matson
|
0-0: Ball Passed Ball! Jon Ventura scores Tim Carter to second 1-0: Ball 2-0: Ball 3-0: Called Strike 3-1: Reached on error, E6 (Groundball, 6MD, EV 109.4 MPH) Tim Carter scores
|
Batting: RHB Kevin Harris
|
0-0: Ball 1-0: Ball 2-0: Ball 3-0: Base on Balls
|
Batting: RHB Steve Terrell
|
0-0: Foul Ball, location: 2F 0-1: Ball 1-1: Called Strike 1-2: Strikes out swinging
|
Bottom of the 7th over - 2 runs, 1 hit, 1 error, 2 left on base; Pulaski 0 - Elizabethton 15 |
TOP OF THE 8TH |
Pulaski Yankees batting - Pitching for Elizabethton Twins : RHP Miguel Montelongo
|
Now at 3B: Jorge Corte
|
|
Batting: RHB Eric Patrick
|
0-0: Called Strike 0-1: Called Strike 0-2: Ball 1-2: Strikes out swinging
|
Batting: RHB Ben Cunningham
|
0-0: Called Strike 0-1: Foul Ball, location: 2F 0-2: SOLO HOME RUN (Flyball, 7D, EV 97.5 MPH), Distance : 379 ft
|
Batting: RHB Jonathan Iniguez
|
0-0: Called Strike 0-1: SINGLE (Groundball, 4MD, EV 106.2 MPH)
|
Batting: RHB Gonçalo Burhil
|
0-0: Swinging Strike 0-1: Swinging Strike 0-2: Ball 1-2: Ball 2-2: Fielders Choice at 2nd, 3-6 (Groundball, 34, EV 84.4 MPH)
|
Batting: SHB Corey Penson
|
0-0: Ball 1-0: DOUBLE (Flyball, 78D, EV 96.2 MPH) Gonçalo Burhil to third Runner from 3rd tries for Home, SAFE, no throw by CF
|
Batting: LHB Steve LeGrand
|
0-0: Foul Ball, location: 2F 0-1: 2-RUN HOME RUN (Line Drive, 89XD, EV 106.2 MPH), Distance : 410 ft
|
Batting: LHB Jared Zulkowski
|
0-0: Ground out 4-3 (Groundball, 4, EV 84.4 MPH)
|
Top of the 8th over - 4 runs, 4 hits, 0 errors, 0 left on base; Pulaski 4 - Elizabethton 15 |
BOTTOM OF THE 8TH |
Elizabethton Twins batting - Pitching for Pulaski Yankees : LHP Jessie Neal
|
Batting: LHB Marshall Daul
|
0-0: Swinging Strike 0-1: SINGLE (Flyball, 8RS, EV 85.6 MPH)
|
Batting: RHB David McClellan
|
0-0: Fielders Choice at 2nd, 4-6 (Groundball, 4, EV 100.0 MPH)
|
Batting: LHB David Ramos
|
0-0: Foul Ball, location: 2F 0-1: Ball 1-1: Foul Ball, location: 2F 1-2: Foul Ball, location: 2F 1-2: Ground out 4-3 (Groundball, 34D, EV 88.8 MPH) David McClellan to second
|
Pitching: LHP Dustin Shaw
|
|
Batting: RHB David McDonald
|
0-0: Ball 1-0: Ball 2-0: Foul Ball, location: 2F 2-1: Ground out 3-1 (Groundball, 34, EV 85.0 MPH)
|
Bottom of the 8th over - 0 runs, 1 hit, 0 errors, 1 left on base; Pulaski 4 - Elizabethton 15 |
TOP OF THE 9TH |
Pulaski Yankees batting - Pitching for Elizabethton Twins : RHP Miguel Montelongo
|
Batting: LHB Sergio Huerta
|
0-0: Ground out 6-3 (Groundball, 6M, EV 103.1 MPH)
|
Batting: LHB Matt Cusatis
|
0-0: Ground out 6-3 (Groundball, 6, EV 85.6 MPH)
|
Batting: RHB Eric Patrick
|
0-0: Ground out U3 (Groundball, 34S, EV 84.4 MPH)
|
Top of the 9th over - 0 runs, 0 hits, 0 errors, 0 left on base; Pulaski 4 - Elizabethton 15 |
|